 Dungeon Crawl Stone Soup version 0.22-a0-305-gd21a89c (webtiles) character file.

141 Amnesiac the Ducker (level 5, -4/29 HPs)
             Began as a Spriggan Fighter on Mar 28, 2018.
             Killed from afar by an orc wizard (8 damage)
             ... with a puff of frost
             ... on level 3 of the Dungeon.
             The game lasted 00:03:25 (2995 turns).

Amnesiac the Ducker (Spriggan Fighter)              Turns: 2995, Time: 00:03:26

Health: -4/29      AC:  2    Str: 13    XL:     5   Next: 3%
Magic:  6/6        EV: 20    Int: 10    God:
Gold:   179        SH:  6    Dex: 15    Spells: 4/4 levels left

rFire    . . .     SeeInvis +   a - +0 rapier
rCold    . . .     Gourm    .   c - +0 buckler
rNeg     . . .     Faith    .   k - +0 robe
rPois    .         Spirit   .   (helmet restricted)
rElec    .         Reflect  .   (no cloak)
rCorr    .         Harm     .   (gloves unavailable)
MR       .....                  (boots unavailable)
Stlth    +.........             (no amulet)
HPRegen  0.09/turn              (no ring)
MPRegen  0.10/turn              (no ring)

@: very quick
A: very small, unfitting armour, see invisible, herbivore, speed 3, slow
metabolism 2
a: no special abilities


You were on level 3 of the Dungeon.
You were not hungry.

You visited 1 branch of the dungeon, and saw 3 of its levels.

You collected 179 gold pieces.

Inventory:

Hand Weapons
 a - a +0 rapier (weapon)
 b - a +0 hunting sling
Missiles
 e - 23 stones (quivered)
 g - 2 needles of sleeping
 h - 2 throwing nets
Armour
 c - a +0 buckler (worn)
 k - a +0 robe (worn)
Jewellery
 i - a +2 amulet of reflection {unknown}
 m - an uncursed ring of resist corrosion {unknown}
Wands
 p - a wand of disintegration (11)
Scrolls
 j - 2 scrolls of identify {!r, unknown}
 n - 2 scrolls of amnesia {!r, unknown}
Potions
 d - a potion of might {!q}
 l - a potion of mutation {!q, unknown}
 o - a potion of curing {!q, unknown}
Comestibles
 f - 5 rations


   Skills:
 * Level 3.9 Fighting
 - Level 3.0 Short Blades
 + Level 5.7 Dodging
 - Level 2.1 Shields


You had 4 spell levels left.
You didn't know any spells.

Dungeon Overview and Level Annotations

Branches:
Dungeon (3/15)

Altars:


Innate Abilities, Weirdness & Mutations

You are very small and have problems with some larger weapons.
You are too small for most types of armour.
You have supernaturally acute eyesight. (SInv)
You are a herbivore.
You cover ground extremely quickly.
You need to consume almost no food.


Message History

The jackal closely misses you.
You closely miss the jackal.
The jackal is almost dead.
The jackal misses you. You block the jackal's attack.
You hit the jackal.
You kill the jackal!
You have reached level 5!
You feel clever. The jackal misses you.
You hit the jackal.
The jackal is moderately wounded.
The jackal bites you but does no damage.
You hit the jackal.
You kill the jackal!
You barely miss the rat. The rat closely misses you.
You closely miss the rat. The rat bites you.
You hit the rat.
You kill the rat!
Found 14 gold pieces.
Things that are here:
a jackal corpse x2
You start resting.
HP restored.
You now have 179 gold pieces (gained 14).
An orc and an orc wizard come into view.
The orc is wielding a dagger of protection.
The orc wizard shouts!
The orc shouts!
An orc comes into view. It is wielding a dagger.
There are monsters nearby!
The orc wizard closely misses you.
There are monsters nearby!
You hit the orc wizard but do no damage.
The orc wizard completely misses you.
The orc wizard casts a spell.
The orc wizard seems to speed up.
A goblin comes into view. It is wielding a club.
You closely miss the goblin. The goblin misses you.
You barely miss the goblin. The orc wizard hits you with a dagger.
You block the goblin's attack.
You hit the goblin but do no damage. You block the orc wizard's attack.
The goblin closely misses you. The orc wizard hits you with a dagger.
You hit the goblin.
The goblin is heavily wounded.
The goblin hits you with a club.
You puncture the goblin!
You kill the goblin!
The orc wizard barely misses you.
The orc wizard gestures at you while chanting.
The puff of frost misses you.
Found 6 gold pieces.
Things that are here:
a club; a goblin corpse The orc wizard gestures at you while chanting.
The magic dart hits you!
* * * LOW HITPOINT WARNING * * *
The orc wizard points at you and mumbles some strange words.
The magic dart hits you!
* * * LOW HITPOINT WARNING * * *
There is a stone staircase leading down here.
The orc wizard points at you and mumbles some strange words.
The puff of flame misses you.
The orc wizard gestures at you while chanting.
The puff of frost hits you!
You die...

#...o.........#
#.#####.##.##.#
#o#####.##.##.#
###o.$....##....#
#..o..###.####..##
#.....# #........#
#.....# ###.##.#.#
#.....# #.##.#.#
#.@...# #....#.#
###.### #..###.#
#.# #..###.# #.#
#......# ####.####
##.##### #
#.....†.# #†#
#.##.#####.#####.#
##
#.......##.......#
.#
####.##.....######


You could see an orc wizard and 2 orcs.

Vanquished Creatures
  4 gnolls (D:2)
  2 adders (D:2)
  An ooze (D:3)
  2 worms (D:2)
  8 orcs (D:3)
  4 giant cockroaches
  3 goblins
  6 hobgoblins
  10 jackals
  7 kobolds
  A quokka (D:2)
  5 bats
  5 frilled lizards
  7 rats
65 creatures vanquished.

Notes
Turn   | Place    | Note
-------+----------+-------------------------------------------
     0 | D:1      | Amnesiac the Spriggan Fighter began the quest for the Orb.
     0 | D:1      | Reached XP level 1. HP: 11/11 MP: 2/2
   264 | D:1      | Reached XP level 2. HP: 7/16 MP: 3/3
  1533 | D:2      | Reached XP level 3. HP: 20/20 MP: 4/4
  1732 | D:2      | Reached skill level 5 in Dodging
  1788 | D:2      | Reached XP level 4. HP: 24/24 MP: 5/5
  2926 | D:3      | Reached XP level 5. HP: 23/29 MP: 6/6
  2995 | D:3      | Killed from afar by an orc wizard

Vault maps used:
D:1:      lightli_arrival_windingriver
D:3:      grunt_nemelex_the_gamble

Skill      XL: |  1  2  3 |
---------------+----------+-----
Short Blades   | 3 |  3.0
Fighting       | 3 |  3.9
Dodging        | 5 |  5.7
Shields        | |  2.1

Action                   |  1- 3 |  4- 6 || total
-------------------------+-------+-------++-------
Melee: Rapier            |    82 |    89 ||   171
 Fire: Hunting sling     |    55 |    22 ||    77
Throw: Throwing net      |       |     2 ||     2
  Use: Scroll            |     2 |       ||     2
 Stab: Sleeping          |     1 |     1 ||     2
       Held in net/web   |       |     2 ||     2
       Distracted        |       |     1 ||     1
Armor: Robe              |     7 |    11 ||    18
Dodge: Dodged            |    46 |    65 ||   111
Block: Buckler           |    21 |    29 ||    50

Table legend:
 A = Spawn XP
 B = Non-spawn XP
 C = Spawn XP percentage of total XP
 D = Spawn monster count
 E = Non-spawn monster count
 F = Spawn count percentage of total count
 G = Total turns spent on level
                    A         B        C        D         E        F      G
               +---------+---------+-------+---------+---------+-------+---------
         Total |       0 |     202 |   0.0 |       0 |      65 |   0.0 |  2995
               +---------+---------+-------+---------+---------+-------+---------
           D:1 |       0 |      32 |   0.0 |       0 |      20 |   0.0 |  1353
           D:2 |       0 |     118 |   0.0 |       0 |      23 |   0.0 |  1053
           D:3 |       0 |      52 |   0.0 |       0 |      22 |   0.0 |   589
               +---------+---------+-------+---------+---------+-------+---------
